TOP OF THE 1ST |
Mississippi State University Bulldogs batting - Pitching for University of Minnesota Golden Gophers : LHP Ryan Hancock
|
Pitching: LHP Ryan Hancock
|
|
Batting: RHB Freddie Kite
|
0-0: Reached on error, E6 (Groundball, 6, EV 108.1 MPH)
|
Batting: RHB Logan Strassburg
|
0-0: Foul Ball, location: 2F 0-1: Ball 1-1: Foul Ball, location: 2F 1-2: Strikes out swinging
|
Batting: RHB Benito Gonzales
|
0-0: Called Strike 0-1: Ground out 5-3 (Groundball, 56, EV 100.6 MPH)
|
Batting: RHB Cody Ammann
|
0-0: Called Strike 0-1: Ball 1-1: Ball 2-1: Ball 3-1: TRIPLE (Flyball, 9LD, EV 105.0 MPH) Freddie Kite scores
|
Batting: RHB Josh Simmons
|
0-0: Called Strike 0-1: Foul Ball, location: 2F 0-2: Ball 1-2: Foul Ball, location: 2F 1-2: Ball 2-2: Ground out 6-3 (Groundball, 6, EV 86.2 MPH)
|
Top of the 1st over - 1 run, 1 hit, 1 error, 1 left on base; Mississippi State University 1 - University of Minnesota 0 |
BOTTOM OF THE 1ST |
University of Minnesota Golden Gophers batting - Pitching for Mississippi State University Bulldogs : RHP Jeff Shedd
|
Pitching: RHP Jeff Shedd
|
|
Batting: SHB Chris Rodgers
|
0-0: Called Strike 0-1: Foul Ball, location: 2F 0-2: Strikes out swinging
|
Batting: RHB Roy Evenden
|
0-0: Swinging Strike 0-1: Swinging Strike 0-2: Foul Ball, location: 2F 0-2: Ball 1-2: Ball 2-2: Foul Ball, location: 2F 2-2: Ball 3-2: Strikes out swinging
|
Batting: LHB Jose Moncada
|
0-0: Ball 1-0: Ball 2-0: Foul Ball, location: 2F 2-1: Foul Ball, location: 2F 2-2: Strikes out looking
|
Bottom of the 1st over - 0 runs, 0 hits, 0 errors, 0 left on base; Mississippi State University 1 - University of Minnesota 0 |
TOP OF THE 2ND |
Mississippi State University Bulldogs batting - Pitching for University of Minnesota Golden Gophers : LHP Ryan Hancock
|
Batting: RHB Josh Stene
|
0-0: Called Strike 0-1: Ball 1-1: Ball 2-1: Ball 3-1: SINGLE (Groundball, 6MD, EV 103.8 MPH)
|
Batting: RHB Eric Riley
|
0-0: Called Strike 0-1: Called Strike 0-2: Ball 1-2: Foul Ball, location: 2F 1-2: Ball 2-2: Strikes out swinging
|
Batting: RHB Karl Lukasiewicz
|
0-0: Ball 1-0: Reached on error, E5 (Groundball, 56, EV 90.0 MPH) Josh Stene to second
|
Batting: LHB Tom Ploughman
|
0-0: Ball 1-0: Ball 2-0: Ball 3-0: Called Strike 3-1: Fielders Choice at 2nd, 4-6 (Groundball, 34, EV 88.8 MPH) Josh Stene to third
|
Batting: RHB Freddie Kite
|
0-0: Ball 1-0: Ball 2-0: Fly out, F4 (Popup, 3DF, EV 43.1 MPH)
|
Top of the 2nd over - 0 runs, 1 hit, 1 error, 2 left on base; Mississippi State University 1 - University of Minnesota 0 |
BOTTOM OF THE 2ND |
University of Minnesota Golden Gophers batting - Pitching for Mississippi State University Bulldogs : RHP Jeff Shedd
|
Batting: RHB Ron Gooch
|
0-0: Ball 1-0: Ground out 4-3 (Groundball, 4, EV 85.0 MPH)
|
Batting: LHB Bobby Agterberg
|
0-0: Ball 1-0: Fly out, F9 (Flyball, 9, EV 85.6 MPH)
|
Batting: RHB Jason Mooris
|
0-0: Foul Ball, location: 2F 0-1: Foul Ball, location: 2F 0-2: Ball 1-2: Foul Ball, location: 2F 1-2: Ball 2-2: Ball 3-2: SINGLE (Line Drive, 56D, EV 97.5 MPH)
|
Pitching: RHP Sa'ng Dai
|
|
Batting: LHB Ivan Villegas
|
0-0: Ball 1-0: Foul Ball, location: 2F 1-1: Foul Ball, location: 2F 1-2: Ball 2-2: Foul Ball, location: 2F 2-2: Fly out, F8 (Flyball, 8RS, EV 87.5 MPH)
|
Bottom of the 2nd over - 0 runs, 1 hit, 0 errors, 1 left on base; Mississippi State University 1 - University of Minnesota 0 |
TOP OF THE 3RD |
Mississippi State University Bulldogs batting - Pitching for University of Minnesota Golden Gophers : LHP Ryan Hancock
|
Batting: RHB Logan Strassburg
|
0-0: Ball 1-0: Called Strike 1-1: Ball 2-1: Ground out 4-3 (Groundball, 34D, EV 100.6 MPH)
|
Batting: RHB Benito Gonzales
|
0-0: Called Strike 0-1: Ground out U3 (Groundball, 34, EV 81.9 MPH)
|
Batting: RHB Cody Ammann
|
0-0: Called Strike 0-1: Swinging Strike 0-2: Ball 1-2: Foul Ball, location: 2F 1-2: Ball 2-2: Strikes out swinging
|
Top of the 3rd over - 0 runs, 0 hits, 0 errors, 0 left on base; Mississippi State University 1 - University of Minnesota 0 |
BOTTOM OF THE 3RD |
University of Minnesota Golden Gophers batting - Pitching for Mississippi State University Bulldogs : RHP Sa'ng Dai
|
Batting: RHB Mike Satterfield
|
0-0: Ball 1-0: Fly out, F8 (Flyball, 8RD, EV 99.4 MPH)
|
Batting: LHB Phil Bonner
|
0-0: Ground out 1-3 (Groundball, 25, EV 70.0 MPH)
|
Batting: SHB Chris Rodgers
|
0-0: Called Strike 0-1: Ball 1-1: Foul Ball, location: 2F 1-2: Ground out 4-3 (Groundball, 4, EV 86.9 MPH)
|
Bottom of the 3rd over - 0 runs, 0 hits, 0 errors, 0 left on base; Mississippi State University 1 - University of Minnesota 0 |
TOP OF THE 4TH |
Mississippi State University Bulldogs batting - Pitching for University of Minnesota Golden Gophers : LHP Ryan Hancock
|
Batting: RHB Josh Simmons
|
0-0: Foul Ball, location: 2F 0-1: Foul Ball, location: 2F 0-2: Ground out 4-3 (Groundball, 34, EV 98.8 MPH)
|
Batting: RHB Josh Stene
|
0-0: Ball 1-0: Called Strike 1-1: Ball 2-1: Foul Ball, location: 2F 2-2: Foul Ball, location: 2F 2-2: Ball 3-2: Foul Ball, location: 2F 3-2: Base on Balls
|
Batting: RHB Eric Riley
|
0-0: Foul Ball, location: 2F 0-1: Foul Ball, location: 2F 0-2: Fielders Choice at 2nd, 4-6 (Groundball, 4M, EV 81.2 MPH)
|
Batting: RHB Karl Lukasiewicz
|
0-0: Ball 1-0: Ball 2-0: Called Strike 2-1: Foul Ball, location: 2F 2-2: Ball 3-2: Strikes out swinging
|
Top of the 4th over - 0 runs, 0 hits, 0 errors, 1 left on base; Mississippi State University 1 - University of Minnesota 0 |
BOTTOM OF THE 4TH |
University of Minnesota Golden Gophers batting - Pitching for Mississippi State University Bulldogs : RHP Sa'ng Dai
|
Batting: RHB Roy Evenden
|
0-0: Foul Ball, location: 2F 0-1: Called Strike 0-2: Ball 1-2: Strikes out swinging
|
Batting: LHB Jose Moncada
|
0-0: Ground out U3 (Groundball, 34S, EV 86.9 MPH)
|
Batting: RHB Ron Gooch
|
0-0: Called Strike 0-1: Swinging Strike 0-2: Ground out 6-3 (Groundball, 6M, EV 87.5 MPH)
|
Bottom of the 4th over - 0 runs, 0 hits, 0 errors, 0 left on base; Mississippi State University 1 - University of Minnesota 0 |
TOP OF THE 5TH |
Mississippi State University Bulldogs batting - Pitching for University of Minnesota Golden Gophers : LHP Ryan Hancock
|
Batting: LHB Tom Ploughman
|
0-0: Called Strike 0-1: Called Strike 0-2: Strikes out swinging
|
Batting: RHB Freddie Kite
|
0-0: Called Strike 0-1: Ball 1-1: SINGLE (Groundball, 6, EV 97.5 MPH)
|
Pitching: RHP Neel de Graaf
|
|
Batting: RHB Logan Strassburg
|
0-0: Ball Freddie Kite is caught stealing 2nd base 2-4 1-0: Foul Ball, location: 2F 1-1: Ball 2-1: Foul Ball, location: 2F 2-2: Ball 3-2: Base on Balls
|
Batting: RHB Benito Gonzales
|
0-0: Ball 1-0: Fly out, F8 (Flyball, 8RM, EV 96.2 MPH)
|
Top of the 5th over - 0 runs, 1 hit, 0 errors, 1 left on base; Mississippi State University 1 - University of Minnesota 0 |
BOTTOM OF THE 5TH |
University of Minnesota Golden Gophers batting - Pitching for Mississippi State University Bulldogs : RHP Sa'ng Dai
|
Batting: LHB Bobby Agterberg
|
0-0: Ball 1-0: Ball 2-0: Fly out, F7 (Flyball, 78M, EV 90.0 MPH)
|
Batting: RHB Jason Mooris
|
0-0: Called Strike 0-1: SINGLE (Line Drive, 34, EV 104.4 MPH)
|
Batting: LHB Ivan Villegas
|
0-0: Ball 1-0: Ball 2-0: Grounds into double play, 4-6-3 (Groundball, 4, EV 86.9 MPH)
|
Bottom of the 5th over - 0 runs, 1 hit, 0 errors, 0 left on base; Mississippi State University 1 - University of Minnesota 0 |
TOP OF THE 6TH |
Mississippi State University Bulldogs batting - Pitching for University of Minnesota Golden Gophers : RHP Neel de Graaf
|
Batting: RHB Cody Ammann
|
0-0: Ball 1-0: Ball 2-0: Ball 3-0: Called Strike 3-1: Base on Balls
|
Batting: RHB Josh Simmons
|
0-0: Ball 1-0: Ball 2-0: Fly out, F9 (Line Drive, 9, EV 88.1 MPH)
|
Batting: RHB Josh Stene
|
0-0: Swinging Strike 0-1: Fly out, F8 (Line Drive, 8RXD, EV 92.5 MPH) Runner from 1st tags up, SAFE at 2nd
|
Batting: RHB Eric Riley
|
0-0: Ball 1-0: Foul Ball, location: 2F 1-1: Ball 2-1: Fly out, F9 (Line Drive, 9, EV 91.2 MPH)
|
Top of the 6th over - 0 runs, 0 hits, 0 errors, 1 left on base; Mississippi State University 1 - University of Minnesota 0 |
BOTTOM OF THE 6TH |
University of Minnesota Golden Gophers batting - Pitching for Mississippi State University Bulldogs : RHP Sa'ng Dai
|
Batting: RHB Mike Satterfield
|
0-0: Reached on error, E5 (Groundball, 56, EV 81.9 MPH)
|
Batting: LHB Phil Bonner
|
0-0: Foul Ball, location: 2F 0-1: Ball 1-1: Fly out, F9 (Flyball, 9, EV 91.9 MPH)
|
Batting: SHB Chris Rodgers
|
0-0: Ball 1-0: Swinging Strike 1-1: Ball 2-1: SINGLE (Groundball, 4M, EV 81.2 MPH) (infield hit) Mike Satterfield to second
|
Batting: RHB Roy Evenden
|
0-0: Called Strike 0-1: Ball 1-1: Foul Ball, location: 2F 1-2: Ball 2-2: Strikes out swinging
|
Batting: LHB Jose Moncada
|
0-0: Foul Ball, location: 2F 0-1: Foul Ball, location: 2F 0-2: Ball 1-2: Ball 2-2: Strikes out looking
|
Bottom of the 6th over - 0 runs, 1 hit, 1 error, 2 left on base; Mississippi State University 1 - University of Minnesota 0 |
TOP OF THE 7TH |
Mississippi State University Bulldogs batting - Pitching for University of Minnesota Golden Gophers : RHP Neel de Graaf
|
Batting: RHB Karl Lukasiewicz
|
0-0: Ball 1-0: Foul Ball, location: 2F 1-1: Called Strike 1-2: Strikes out swinging
|
Batting: LHB Tom Ploughman
|
0-0: Called Strike 0-1: Ball 1-1: Ground out 2-3 (Groundball, 15S, EV 70.0 MPH)
|
Batting: RHB Freddie Kite
|
0-0: Called Strike 0-1: Ball 1-1: Ball 2-1: Ball 3-1: Base on Balls
|
Batting: RHB Logan Strassburg
|
0-0: Ball 1-0: Ball Freddie Kite steals 2nd, throwing error, E2 Freddie Kite to third 2-0: Foul Ball, location: 2F 2-1: Ground out U3 (Groundball, 34S, EV 83.1 MPH)
|
Top of the 7th over - 0 runs, 0 hits, 1 error, 1 left on base; Mississippi State University 1 - University of Minnesota 0 |
BOTTOM OF THE 7TH |
University of Minnesota Golden Gophers batting - Pitching for Mississippi State University Bulldogs : RHP Sa'ng Dai
|
Pitching: RHP Erik Bradshaw
|
|
Batting: RHB Ron Gooch
|
0-0: Ground out 1-3 (Groundball, P, EV 66.2 MPH)
|
Batting: LHB Bobby Agterberg
|
0-0: Fly out, F8 (Flyball, 8LM, EV 89.4 MPH)
|
Batting: RHB Jason Mooris
|
0-0: Ball 1-0: Ball 2-0: Fly out, F7 (Flyball, 7LSF, EV 94.4 MPH)
|
Bottom of the 7th over - 0 runs, 0 hits, 0 errors, 0 left on base; Mississippi State University 1 - University of Minnesota 0 |
TOP OF THE 8TH |
Mississippi State University Bulldogs batting - Pitching for University of Minnesota Golden Gophers : RHP Neel de Graaf
|
Pitching: RHP Eddie Young
|
|
Batting: RHB Benito Gonzales
|
0-0: Ball 1-0: Fly out, F8 (Flyball, 89S, EV 78.8 MPH)
|
Batting: RHB Cody Ammann
|
0-0: Ball 1-0: Called Strike 1-1: Foul Ball, location: 2F 1-2: Fly out, F9 (Line Drive, 9S, EV 91.9 MPH)
|
Batting: RHB Josh Simmons
|
0-0: Called Strike 0-1: SINGLE (Groundball, 56D, EV 96.2 MPH)
|
Batting: RHB Josh Stene
|
0-0: Foul Ball, location: 2F 0-1: Ball 1-1: Ball 2-1: Swinging Strike 2-2: Ball 3-2: Strikes out swinging
|
Top of the 8th over - 0 runs, 1 hit, 0 errors, 1 left on base; Mississippi State University 1 - University of Minnesota 0 |
BOTTOM OF THE 8TH |
University of Minnesota Golden Gophers batting - Pitching for Mississippi State University Bulldogs : RHP Erik Bradshaw
|
Pitching: RHP Julio Espana
|
|
Batting: LHB Ivan Villegas
|
0-0: Ball 1-0: Foul Ball, location: 2F 1-1: Foul Ball, location: 2F 1-2: Foul Ball, location: 2F 1-2: Ground out 4-3 (Groundball, 34, EV 105.0 MPH)
|
Batting: RHB Mike Satterfield
|
0-0: Ball 1-0: Ball 2-0: Ground out 1-3 (Groundball, 13S, EV 73.1 MPH)
|
Batting: LHB Phil Bonner
|
0-0: Called Strike 0-1: Swinging Strike 0-2: Ball 1-2: Ball 2-2: Strikes out looking
|
Bottom of the 8th over - 0 runs, 0 hits, 0 errors, 0 left on base; Mississippi State University 1 - University of Minnesota 0 |
TOP OF THE 9TH |
Mississippi State University Bulldogs batting - Pitching for University of Minnesota Golden Gophers : RHP Eddie Young
|
Batting: RHB Eric Riley
|
0-0: Called Strike 0-1: Foul Ball, location: 2F 0-2: SINGLE (Groundball, 34D, EV 100.0 MPH)
|
Batting: RHB Karl Lukasiewicz
|
0-0: Bunt missed! 0-1: Bunt missed! 0-2: SINGLE (Groundball, 4MD, EV 101.2 MPH) Eric Riley to second Runner from 2nd tries for 3rd, SAFE, throw by CF made to third
|
Batting: LHB Tom Ploughman
|
0-0: Called Strike 0-1: Swinging Strike 0-2: Ball 1-2: Foul Ball, location: 2F 1-2: Fielders Choice at 2nd, 1-6 (Groundball, 13S, EV 63.1 MPH)
|
Batting: RHB Freddie Kite
|
0-0: SINGLE (Groundball, 56, EV 102.5 MPH) Eric Riley scores Tom Ploughman to second
|
Batting: RHB Logan Strassburg
|
0-0: Called Strike 0-1: Foul Ball, location: 2F 0-2: Ball 1-2: Ball 2-2: Strikes out swinging
|
Batting: RHB Benito Gonzales
|
0-0: Ball Wild Pitch! Tom Ploughman to third Freddie Kite to second 1-0: Foul Ball, location: 2F 1-1: Swinging Strike 1-2: Ball 2-2: Strikes out swinging
|
Top of the 9th over - 1 run, 3 hits, 0 errors, 2 left on base; Mississippi State University 2 - University of Minnesota 0 |
BOTTOM OF THE 9TH |
University of Minnesota Golden Gophers batting - Pitching for Mississippi State University Bulldogs : RHP Julio Espana
|
Pitching: RHP Chris Pearson
|
|
Batting: SHB Chris Rodgers
|
0-0: Called Strike 0-1: Foul Ball, location: 2F 0-2: Ball 1-2: Ball 2-2: Ground out 4-3 (Groundball, 34, EV 82.5 MPH)
|
Pinch Hitting: RHB Jose Garrido
|
0-0: Ball 1-0: Ball 2-0: Called Strike 2-1: Ball 3-1: Foul Ball, location: 2F 3-2: Hit by Pitch
|
Batting: LHB Jose Moncada
|
0-0: Ball 1-0: Called Strike 1-1: Ball 2-1: Foul Ball, location: 2F 2-2: Strikes out looking
|
Batting: RHB Ron Gooch
|
0-0: Called Strike 0-1: Swinging Strike 0-2: Foul Ball, location: 2F 0-2: Ball 1-2: Fly out, F7 (Flyball, 7D, EV 93.1 MPH)
|
Bottom of the 9th over - 0 runs, 0 hits, 0 errors, 1 left on base; Mississippi State University 2 - University of Minnesota 0 |
|